AoeStats
← tbzachary

Arena

508135882Analyzed
1v1 RM · 13d ago on Sep 21, 2026· 47m 4s· 2 players
Game mode
Random Map
Map size
Tiny (2 player)
Population
200
Speed
Normal
Resources
Standard
Victory
Conquest
Starting age
Dark Age
Ending age
Imperial Age
RankedLock teamsTeams togetherTeam positionsShared explorationLock speedFull tech treeHidden civsTurbo modeCheats
Victory
Defeat
🇺🇸 Mongols · United States
792
+18
🇲🇽 Bohemians · Mexico
832
-18
tbzachary
6:41 Loom
10:26 Feudal Age
17:09 Castle Age
15:22 Double-Bit Axe
17:07 Padded Archer Armor
18:13 Horse Collar
19:24 Fletching
19:50 Leather Archer Armor
19:34 Stone Mining
23:18 Heavy Plow
24:23 Ballistics
25:42 Husbandry
25:53 Bloodlines
25:52 Scale Barding Armor
31:20 Gold Mining
35:14 Imperial Age
33:15 Bodkin Arrow
35:07 Chain Barding Armor
35:01 Forging
35:16 Bow Saw
35:56 Elite Steppe Lancer
38:10 Drill
38:47 Gold Shaft Mining
38:48 Stone Shaft Mining
38:27 Bracer
39:02 Iron Casting
39:47 Chemistry
40:05 Iron Casting
40:18 Onager
44:50 Elite Mangudai
ROROGA
10:13 Feudal Age
15:22 Castle Age
16:49 Wheelbarrow
16:47 Double-Bit Axe
16:52 Horse Collar
20:57 Hand Cart
20:31 Elite Skirmisher
22:29 Pikeman
25:04 Town Watch
27:09 Husbandry
32:30 Imperial Age
31:32 Chemistry
31:39 Bow Saw
31:35 Heavy Plow
31:41 Loom
33:09 Sanctity
34:01 Town Patrol
35:16 Padded Archer Armor
35:06 Fletching
35:52 Ballistics
35:35 Town Patrol
39:20 Cavalier
42:55 Halberdier
43:38 Squires
43:23 Arson
Connection lost

Rejoining the realm…

Still unreachable

The connection could not be restored.

Session expired

The server has moved on; the page needs a fresh start.